 Dungeon Crawl Stone Soup version 0.26.1-11-gd32895ea62 (webtiles) character file.

Game seed: 11246636512293288386

74 Almogavar the Skirmisher (level 4, -1/37 HPs)
             Began as a Barachi Fighter on June 11, 2021.
             Slain by Crazy Yiuf
             ... wielding a +3 quarterstaff of chaos
              (4 damage)
             ... on level 2 of the Dungeon.
             The game lasted 00:03:33 (1919 turns).

Almogavar the Skirmisher (Barachi Fighter)          Turns: 1919, Time: 00:03:34

Health: -1/37      AC:  7    Str: 18    XL:     4   Next: 28%
Magic:  4/4        EV:  7    Int:  8    God:
Gold:   33         SH:  9    Dex: 12    Spells: 3/3 levels left

rFire    . . .     SeeInvis .   a - +0 long sword
rCold    . . .     Faith    .   c - +0 kite shield
rNeg     . . .     Spirit   .   b - +0 scale mail
rPois    .         Reflect  .   (no helmet)
rElec    .         Harm     .   (no cloak)
rCorr    .         Rampage  .   (no gloves)
Will     .....                  (no boots)
Stlth    ..........             (no amulet)
HPRegen  0.12/turn              (no ring)
MPRegen  0.09/turn              (no ring)

@: slow
A: +LOS, swims, slowness 1, strong legs 1
a: Hop


You were on level 2 of the Dungeon.
You visited 1 branch of the dungeon, and saw 2 of its levels.

You collected 33 gold pieces.

Inventory:

Hand Weapons
 a - a +0 long sword (weapon)
Missiles
 f - 18 bolts
 g - 50 arrows
 j - 39 stones
 t - 14 sling bullets
Armour
 b - a +0 scale mail (worn)
 c - a +0 kite shield (worn)
 m - a +0 chain mail
 n - a +2 plate armour of poison resistance
Scrolls
 i - a scroll of teleportation
 k - a scroll of fear
 l - 2 scrolls of remove curse
 r - 2 scrolls of amnesia {unknown}
 s - a scroll of enchant weapon {unknown}
Potions
 d - a potion of might
 h - 3 potions of flight
 o - 2 potions of magic
 p - a potion of heal wounds {unknown}
 q - a potion of curing {unknown}


   Skills:
 + Level 4.3 Fighting
 + Level 3.2 Long Blades
 + Level 4.2 Armour
 + Level 0.1 Dodging
 + Level 4.1 Shields


You had 3 spell levels left.
You didn't know any spells.
Your spell library was empty.

Dungeon Overview and Level Annotations

Branches:
Dungeon (2/15)

Altars:
Ashenzari
Cheibriados
Hepliaklqana
Kikubaaqudgha
Nemelex Xobeh
Qazlal
Vehumet

Annotations:
D:2 Crazy Yiuf


Innate Abilities, Weirdness & Mutations

You can be seen from farther away. (+LOS)
You can swim through water.
You cover ground slowly.
You can hop short distances.


Message History

Found two maces.
Found a runed translucent door.
You see here a mace.
Crazy Yiuf grits, "Earwax pontify leg!"
No reachable target in view!
You open the door. You barely miss Crazy Yiuf.
Crazy Yiuf hits you with a +3 quarterstaff of chaos!
Crazy Yiuf burns you.
You hit Crazy Yiuf.
Crazy Yiuf is moderately wounded.
Crazy Yiuf hits you with a +3 quarterstaff of chaos. x2
* * * LOW HITPOINT WARNING * * *
You closely miss Crazy Yiuf.
Crazy Yiuf is moderately wounded.
Crazy Yiuf hits you with a +3 quarterstaff of chaos.
* * * LOW HITPOINT WARNING * * *
Your shield and scale mail prevent you from hitting Crazy Yiuf.
Crazy Yiuf is moderately wounded.
Crazy Yiuf hits you with a +3 quarterstaff of chaos.
You die...

#...#
#...........
#######.####
#...........
#.....<....#
#...........
#.##########
###......... #.#
#......... #.#
#........#
#.###♣♣ ###
#........#
#....P♣♣ ♣♣#.))#
#.........
#....PP♣♣♣♣@g...#
#.........
##....P.♣..♣#...#
#.........
##..P.♣)♣♣♣ ###
#.........
###♣♣♣♣♣
#.........
#........#
###.........
#..........#
#...........
##^.......##


You could see Crazy Yiuf.

Vanquished Creatures
  4 adders (D:2)
  A worm (D:2)
  2 dart slugs
  3 leopard geckos (D:1)
  A ball python (D:1)
  3 bats
  2 giant cockroaches
  5 goblins (D:1)
  2 hobgoblins (D:1)
  A frilled lizard (D:2)
  2 kobolds (D:1)
  4 rats
30 creatures vanquished.

Notes
Turn   | Place    | Note
-------+----------+-------------------------------------------
     0 | D:1      | Almogavar the Barachi Fighter began the quest for the Orb.
     0 | D:1      | Reached XP level 1. HP: 18/18 MP: 1/1
   137 | D:1      | Reached XP level 2. HP: 25/25 MP: 2/2
   430 | D:1      | You fall into a shaft and drop 1 floor!
   448 | D:2      | Reached XP level 3. HP: 16/30 MP: 3/3
   644 | D:2      | Found a sparkling altar of Nemelex Xobeh.
   701 | D:2      | Found a radiant altar of Vehumet.
  1159 | D:2      | Reached XP level 4. HP: 37/37 MP: 4/4
  1248 | D:2      | Found an ancient bone altar of Kikubaaqudgha.
  1255 | D:2      | Found a snail-covered altar of Cheibriados.
  1341 | D:2      | Found a hazy altar of Hepliaklqana.
  1859 | D:2      | Found a stormy altar of Qazlal.
  1860 | D:2      | Found a broken altar of Ashenzari.
  1911 | D:2      | Found a runed translucent door.
  1912 | D:2      | Noticed Crazy Yiuf
  1919 | D:2      | Slain by Crazy Yiuf

Illustrated notes

Levels and vault maps discovered:
D:1:      lemuel_arrival_cross, layout_loops_ring, minmay_misc_feat_plants
D:2:      layout_rooms, lemuel_crystal_altar, nzn_hepliaklqana_mist_gate,
          gammafunk_temple_overflow_statue, marbit_many_paths,
          amethyst_overflow_temple_binary, kennysheep_generic_room_13,
          uniq_crazy_yiuf_cottage

Skill      XL: |  1  2  3 |
---------------+----------+-----
Fighting       | 4 |  4.3
Shields        | 4 |  4.1
Long Blades    | 3 |  3.2
Armour         | 4 |  4.2
Dodging        | |  0.1

Action                   |  1- 3 |  4- 6 || total
-------------------------+-------+-------++-------
Melee: Long sword        |    80 |    24 ||   104
  Use: Scroll            |       |     5 ||     5
Armor: Scale mail        |    45 |     9 ||    54
Dodge: Dodged            |    21 |     4 ||    25
Block: Kite shield       |    46 |     7 ||    53
       Rpst.: Long sword |     8 |     1 ||     9
